 Dungeon Crawl Stone Soup version 0.32-a0-120-gfac0567ad4 (webtiles) character file.

Game seed: 3045381350992821295

3637 IdlyInterested the Slicer (level 9, -5/63 HPs)
             Began as a Demonspawn Fighter on Feb 6, 2024.
             Slain by an ogre
             ... wielding a +0 giant club
              (18 damage)
             ... on level 7 of the Dungeon.
             The game lasted 00:20:27 (6060 turns).

IdlyInterested the Slicer (Demonspawn Fighter)      Turns: 6060, Time: 00:20:28

Health: -5/63      AC: 12    Str: 18      XL:     9   Next: 87%
Magic:  0/3        EV:  9    Int: 10      God:
Gold:   454        SH:  6    Dex: 11 (14) Spells: 8/8 levels left

rFire   + . .        O - +4 short sword (antimagic)
rCold   . . .        c - +0 buckler
rNeg    . . .        w - +0 chain mail
rPois   +            y - +0 helmet
rElec   .            G - +0 cloak
rCorr   .            t - +0 pair of gloves
SInv    .            (no boots)
Will    .....        E - amulet of regeneration Stlth
                     k - ring of poison resistance
HPRegen 1.10/turn    B - ring of protection from fire
MPRegen 0.08/turn

%: no passive effects
@: no status effects
A: hooves 2, ignite blood 1, spiny 1, sturdy frame 1, poison resistance,
MP-powered wands
a: no special abilities


You were on level 7 of the Dungeon.
You visited 2 branches of the dungeon, and saw 8 of its levels.

You collected 454 gold pieces.

Inventory:

Hand Weapons
 a - a +0 rapier
 e - a +2 dagger of venom
 h - a +1 short sword of electrocution
 n - a +0 dagger of flaming
 O - a +4 antimagic short sword (weapon)
Missiles
 i - 47 stones (quivered)
 P - 6 poisoned darts
 S - 4 boomerangs
Armour
 b - a +0 scale mail
 c - a +0 buckler (worn)
 t - a +0 pair of gloves (worn)
 u - a +0 ring mail
 w - a +0 chain mail (worn)
 y - a +0 helmet (worn)
 A - a +1 robe of fire resistance
 C - a +0 leather armour of cold resistance
 G - a +0 cloak (worn)
Magical Staves
 q - a staff of alchemy
 D - a staff of conjuration
Jewellery
 k - a ring of poison resistance (left hand)
 B - a ring of protection from fire (right hand)
 E - an amulet of regeneration (around neck)
Wands
 d - a wand of charming (4)
 v - a wand of flame (41)
 H - a wand of mindburst (21)
 N - a wand of digging (7)
Scrolls
 g - a scroll of revelation
 p - 2 scrolls of vulnerability
 s - 3 scrolls of enchant armour
 x - 4 scrolls of teleportation
 z - a scroll of amnesia
 J - a scroll of acquirement
 K - a scroll of fear {unknown}
 L - 5 scrolls of blinking
 M - a scroll of fog {unknown}
 Q - a scroll of torment {unknown}
Potions
 j - 3 potions of brilliance
 l - a potion of mutation
 o - 2 potions of attraction
 r - 4 potions of curing


   Skills:
 - Level 3.0 Fighting
 + Level 8.4 Short Blades
 - Level 3.0 Throwing
 - Level 3.0 Armour
 - Level 3.0 Dodging
 - Level 3.0 Stealth
 * Level 8.3 Shields
 - Level 3.0 Evocations


You had 8 spell levels left.
You didn't know any spells.
Your spell library contained the following spells:

 Spells                   Type           Power      Damage    Failure   Level
 Freeze                   Ice            0%         1d3       94%         1
 Ensorcelled Hibernation  Hex/Ice        0%         N/A       98%         2
 Call Canine Familiar     Summ           0%         N/A       100%        3
 Frozen Ramparts          Ice            0%         1d1       100%        3
 Hailstorm                Conj/Ice       0%         3d5       100%        3
 Passwall                 Erth           0%         N/A       100%        3
 Sigil of Binding         Hex            0%         N/A       100%        3
 Summon Ice Beast         Ice/Summ       0%         N/A       100%        3
 Swiftness                Air            0%         N/A       100%        3
 Tukima's Dance           Hex            0%         N/A       100%        3
 Dimensional Bullseye     Hex/Tloc       0%         N/A       100%        4
 Passage of Golubria      Tloc           0%         N/A       100%        4
 Summon Forest            Summ/Tloc      0%         N/A       100%        5
 Yara's Violent Unravell  Hex/Alch       0%         3d3       100%        5
 Eringya's Noxious Bog    Alch           0%         4d6       100%        6
 Sculpt Simulacrum        Ice/Alch       0%         N/A       100%        6
 Summon Hydra             Summ           0%         N/A       100%        7


Dungeon Overview and Level Annotations

Branches:
Dungeon (7/15)             Temple (1/1) D:6

Altars:
Ashenzari
Cheibriados
Dithmenos
Gozag
Hepliaklqana
Makhleb
Nemelex Xobeh
Okawaru
Qazlal
Sif Muna
Trog
Uskayaw
Wu Jian
Xom
Yredelemnul

Annotations:
D:7 1 transporter


Innate Abilities, Weirdness & Mutations

You have hoof-like feet.
Your demonic aura sometimes causes spilled blood to erupt in flames.
You are partially covered in sharp spines.
Your movements are slightly less encumbered by armour. (ER -2)
Your system is resistant to poisons. (rPois)
You expend magic power (3 MP) to strengthen your wands.


Message History

Azoth's ghost is heavily damaged.
Azoth's ghost barely misses you.
You miss Azoth's ghost. Your kick misses Azoth's ghost.
Azoth's ghost is heavily damaged.
You hit Azoth's ghost but do no damage.
Azoth's ghost is heavily damaged.
Azoth's ghost is struck by your spines. Azoth's ghost hits you.
You barely miss Azoth's ghost.
Azoth's ghost is heavily damaged.
Azoth's ghost hits you!
* * * LOW HITPOINT WARNING * * *
You hit Azoth's ghost but do no damage. Your kick misses Azoth's ghost.
Azoth's ghost is heavily damaged.
Unknown command.
Aiming: Quicksilver Bolt
Press: ? - help, Shift-Dir - straight line, f - two-headed ogre
Aim: a two-headed ogre, wielding the +7 great mace of Patience {freeze, rPois rN+ Int+4} and the +1 dire flail of Faojofre {flame, +Blink rN+ Will+} (88% to hit)
The bolt of dispelling energy hits Azoth's ghost!
Azoth's ghost is almost destroyed.
The bolt of dispelling energy hits the two-headed ogre!
The two-headed ogre is moderately wounded.
Azoth's ghost hits you.
* * * LOW HITPOINT WARNING * * *
Aiming: Quicksilver Bolt
Press: ? - help, Shift-Dir - straight line, f/p - two-headed ogre
Aim: a two-headed ogre, wielding the +7 great mace of Patience {freeze, rPois rN+ Int+4} and the +1 dire flail of Faojofre {flame, +Blink rN+ Will+} (moderately wounded, 88% to hit)
The bolt of dispelling energy hits Azoth's ghost!!
You destroy Azoth's ghost!
The bolt of dispelling energy hits the two-headed ogre!!
The two-headed ogre is severely wounded.
The now-empty wand crumbles to dust.
You feel your strength returning.
You feel your intelligence returning.
Your Shields skill increases to level 8!
Aiming: Charm
Press: ? - help, Shift-Dir - straight line, f - ogre, p - two-headed ogre
Aim: an ogre, wielding a +0 giant club (chance to affect: 56%)
The ogre resists with significant effort.
The ogre is struck by your spines.
The ogre hits you with a +0 giant club!!
You die...

..# ##.####.###.## #.#
..###...####.#..# #.#
..............#.#####.####
.####....................# .#
##.#.#############...########
?# #.#.# #......#..........#
.#####.#.#
#.#..#.#..###.###.#
.......#.# #..##..#..# #.#
#.# .#######.# #.@##..#..#
#.# #.# .# #.#
#.#OO#$#©.###.# #.# .# #.#
#©.O..)#......# #.# .# #.#
#.#..#$#©...### #.# ## #.#
#..##..#....# #.# # ###.#
#..##..#....# #.# # #...#
#.#..#.#....# #.. # #.###
#.....©#....# ### # #.#
#########....####


You could see a two-headed ogre and 2 ogres.

Vanquished Creatures
  The ghost of Azoth the Grappler, a novice DrSh of Cheibriados (D:7)
  Joseph (D:7)
  A gargoyle (D:7)
  A wyvern (D:7)
  2 steam dragons
  A water moccasin (D:7)
  Duvessa (D:6)
  2 ice beasts (D:6)
  2 ogres
  A black bear (D:5)
  2 phantoms
  A kobold brigand (D:6)
  2 bullfrogs
  4 scorpions
  Dowan (D:6)
  2 howler monkeys
  2 hounds
  4 orc priests
  2 jellies
  Crazy Yiuf (D:3)
  Terence (D:2)
  Jessica (D:3)
  Ijyb (D:3)
  2 sleepcaps
  An orc wizard (D:4)
  Robin (D:3)
  14 adders
  A shadow imp (D:6)
  A white imp (D:7)
  3 ribbon worms
  3 dart slugs
  21 orcs
  9 ball pythons
  9 endoplasms
  3 giant cockroaches
  15 goblins
  8 hobgoblins
  2 quokkas (D:4)
  2 bats
  3 frilled lizards
  9 kobolds
  8 rats
152 creatures vanquished.

Notes
Turn   | Place    | Note
-------+----------+-------------------------------------------
     0 | D:1      | IdlyInterested the Demonspawn Fighter began the quest for
                  | the Orb.
     0 | D:1      | Reached XP level 1. HP: 18/18 MP: 1/1
   124 | D:1      | Gained mutation: Your movements are slightly less
                  | encumbered by armour. (ER -2) [demonic ancestry]
   124 | D:1      | Reached XP level 2. HP: 1/24 MP: 2/2
   300 | D:1      | Reached skill level 1 in Dodging
   478 | D:1      | Reached XP level 3. HP: 29/29 MP: 3/3
  1273 | D:2      | Noticed Terence
  1292 | D:2      | Killed Terence
  1293 | D:2      | Gained mutation: Your demonic aura sometimes causes spilled
                  | blood to erupt in flames. [demonic ancestry]
  1293 | D:2      | Reached XP level 4. HP: 10/35 MP: 4/4
  1749 | D:3      | Noticed Ijyb
  1750 | D:3      | Noticed a scorpion
  1763 | D:3      | Killed Ijyb
  1764 | D:3      | Reached XP level 5. HP: 8/41 MP: 5/5
  2008 | D:3      | Noticed Robin
  2048 | D:3      | Killed Robin
  2185 | D:3      | Noticed Jessica
  2189 | D:3      | Killed Jessica
  2190 | D:3      | Reached skill level 1 in Stealth
  2190 | D:3      | Reached XP level 6. HP: 36/47 MP: 6/6
  2470 | D:3      | Found a runed translucent door.
  2471 | D:3      | Noticed Crazy Yiuf
  2660 | D:3      | Killed Crazy Yiuf
  2661 | D:3      | Reached skill level 1 in Throwing
  2749 | D:4      | Noticed a steam dragon
  2773 | D:4      | Killed a steam dragon
  2774 | D:4      | Reached skill level 5 in Short Blades
  2774 | D:4      | Reached skill level 1 in Evocations
  2925 | D:4      | Gained mutation: You have large cloven feet. [demonic
                  | ancestry]
  2925 | D:4      | Reached XP level 7. HP: 52/52 MP: 7/7
  3137 | D:3      | Identified a scroll of acquirement
  3725 | D:5      | Entered Level 5 of the Dungeon
  3893 | D:5      | Gained mutation: You are partially covered in sharp spines.
                  | [demonic ancestry]
  3893 | D:5      | Reached XP level 8. HP: 49/58 MP: 8/8
  4352 | D:6      | Gained mutation: Your system is resistant to poisons.
                  | (rPois) [potion of mutation]
  4352 | D:6      | Gained mutation: You expend magic power (3 MP) to
                  | strengthen your wands. [potion of mutation]
  4352 | D:6      | Gained mutation: You have hoof-like feet. [potion of
                  | mutation]
  4399 | D:6      | Found an opulent altar of Gozag.
  4450 | D:6      | Noticed Dowan
  4455 | D:6      | Noticed Duvessa
  4471 | D:6      | Killed Duvessa
  4472 | D:6      | Killed Dowan
  4522 | D:6      | Found a sparkling altar of Nemelex Xobeh.
  4560 | D:6      | Found a shadowy altar of Dithmenos.
  4561 | D:6      | Found a staircase to the Ecumenical Temple.
  4579 | D:6      | Reached skill level 5 in Shields
  4633 | Temple   | Entered the Ecumenical Temple
  4814 | D:6      | Reached XP level 9. HP: 54/63 MP: 3/9
  5027 | D:6      | Found an ornate altar of the Wu Jian Council.
  5253 | D:7      | Noticed Joseph
  5267 | D:7      | Killed Joseph
  5436 | D:7      | Noticed a gargoyle
  5470 | D:7      | Killed a gargoyle
  5588 | D:7      | Found a snail-covered altar of Cheibriados.
  5696 | D:7      | Noticed Azoth's ghost (novice DrSh)
  5697 | D:7      | Found a transporter.
  5699 | D:7      | Identified the +7 great mace of Patience {freeze, rPois rN+
                  | Int+4}
  5699 | D:7      | Identified the +1 dire flail of Faojofre {flame, +Blink rN+
                  | Will+}
  5699 | D:7      | Noticed a two-headed ogre
  5707 | D:7      | Found a transporter.
  6059 | D:7      | Killed Azoth's ghost
  6060 | D:7      | Slain by an ogre

Illustrated notes

Levels and vault maps discovered:
D:1:      mainiacjoe_arrival_oval_in_oval, layout_basic, dreamdust_wishing_well,
          st_stairs_7, minmay_crystal_room, moated_statue,
          hangedman_decor_slide_cut
D:2:      layout_rooms, uniq_terence
D:3:      layout_loops_cross, hangedman_decor_riveting, uniq_robin,
          uniq_crazy_yiuf_cottage, uniq_jessica, uniq_ijyb
D:4:      layout_cave_pods
D:5:      layout_gridville, mainiacjoe_overflow_catwalk,
          guppyfry_early_lair_pool
D:6:      layout_loops_cross, lemuel_doored_altar,
          mainiacjoe_overflow_cross_hatched, lemuel_coloured_pillars_altar,
          grunt_gozag_breadcrumbs, minmay_temple_entry_glass,
          serial_bayou_crossing, uniq_duvessa
D:7:      layout_loops_ring, cheibrodos_worm_habitat, gammafunk_ghost_smash,
          uniq_joseph
Temple:   grunt_temple_mini_profane

Skill      XL: |  1  2  3  4  5  6  7  8  9 |
---------------+----------------------------+-----
Short Blades   | 2 3 4 5 6 7 8 |  8.4
Armour         | 3 |  3.0
Dodging        | 1 2 3 |  3.0
Stealth        | 1 3 |  3.0
Throwing       | 1 3 |  3.0
Evocations     | 1 3 |  3.0
Shields        | 3 5 8 |  8.3
Fighting       | |  3.0

Action                     |  1- 3 |  4- 6 |  7- 9 || total
---------------------------+-------+-------+-------++-------
  Melee: Dagger            |   102 |   139 |   135 ||   376
         Rapier            |     4 |       |       ||     4
         Short sword       |     6 |     2 |   187 ||   195
         Kick              |       |       |   107 ||   107
  Throw: Stone             |       |     1 |    12 ||    13
  Evoke: Wand              |       |       |     3 ||     3
    Use: Scroll            |       |     5 |     3 ||     8
         Potion            |       |     3 |     5 ||     8
 Armour: Scale mail        |    63 |    18 |       ||    81
         Chain mail        |       |    79 |   162 ||   241
  Dodge: Dodged            |    51 |    43 |    76 ||   170
  Block: Buckler           |    20 |    19 |    49 ||    88

Table legend: (Time is in decaauts)
 A = Elapsed time spent in this place.
 B = Non-inter-level travel time spent in this place.
 C = Inter-level travel time spent in this place.
 D = Time resting spent in this place.
 E = Time spent auto-exploring this place.
 F = Levels seen in this place.
 G = Mean time per level.
                   A        B        C        D        E       F      G
               +--------+--------+--------+--------+--------+-----+--------+
         Total |   5948 |   5604 |    344 |    537 |   3612 |   8 |  743.5 |
       Dungeon |   5946 |   5602 |    344 |    537 |   3612 |   7 |  849.4 |
        Temple |      1 |      1 |      0 |      0 |      0 |   1 |    1.0 |
               +--------+--------+--------+--------+--------+-----+--------+

Top non-repeatable levels by time:
     D:3: 1155 daAuts
     D:4: 953 daAuts
     D:1: 888 daAuts
     D:6: 839 daAuts
     D:7: 835 daAuts
     D:2: 716 daAuts
     D:5: 557 daAuts
  Temple: 1 daAuts
